 Dungeon Crawl Stone Soup version 0.16.2-12-gd0ad4c3 (webtiles) character file.

247 Kloppie the Cudgeler (level 6, -3/68 HPs)
             Began as an Ogre Berserker on Oct 29, 2015.
             Was a Believer of Trog.
             Slain by Grinder (5 damage)
             ... on level 3 of the Dungeon.
             The game lasted 00:07:53 (2279 turns).

Kloppie the Cudgeler (Ogre Berserker)               Turns: 2279, Time: 00:07:53

Health: -3/68      AC:  3    Str: 23    XL:     6   Next: 11%
Magic:  6/6        EV: 10    Int:  6    God:    Trog [**....]
Gold:   118        SH:  0    Dex: 11    Spells: 0 memorised, 5 levels left

rFire  . . .     SeeInvis .     q - +0 morningstar
rCold  . . .     Clarity  .     b - +0 animal skin
rNeg   . . .     SustAb   .     (shield restricted)
rPois  .         Gourm    .     (helmet restricted)
rElec  .         Spirit   .     (no cloak)
rCorr  .         Warding  .     (gloves unavailable)
rMut   .         Stasis   .     (boots unavailable)
MR     .....                    (no amulet)
Stlth  +.........               (no ring)
                                (no ring)

@: lethally poisoned (-3 -> -3), exhausted, slowed, very slow, not resistant to
hostile enchantments, very unstealthy
A: unfitting armour, tough skin 1
a: Burn Spellbooks, Berserk, Trog's Hand, Renounce Religion


You were on level 3 of the Dungeon.
You worshipped Trog.
Trog was pleased with you.
You were very hungry.

You visited 1 branch of the dungeon, and saw 3 of its levels.

You collected 118 gold pieces.

Inventory:

Hand weapons
 a - a +0 mace
 o - a +4 club
 q - a +0 morningstar (weapon)
Missiles
 s - 16 poisoned needles
Armour
 b - a +0 animal skin (worn)
Magical devices
 n - a wand of confusion (19)
Scrolls
 d - 2 scrolls of teleportation {unknown}
 e - 2 scrolls of recharging {unknown}
 g - a scroll of remove curse {unknown}
 h - a scroll of fog {unknown}
 k - a scroll of noise {unknown}
 p - 2 scrolls of identify {unknown}
Potions
 f - a potion of haste {unknown}
 i - a potion of beneficial mutation {unknown}
 j - 2 potions of curing {unknown}
 r - a potion of lignification {unknown}
Comestibles
 c - 3 meat rations
 l - 2 chunks of flesh
 m - a bread ration


   Skills:
 + Level 6.6 Fighting
 + Level 6.9 Maces & Flails
 - Level 1.5 Armour
 - Level 1.7 Dodging


You had 5 spell levels left.
You didn't know any spells.

Dungeon Overview and Level Annotations

Branches:
Dungeon (3/15)

Altars:

Annotations:
D:3 Grinder


Innate Abilities, Weirdness & Mutations

You are too large for most types of armour.
You have tough skin (AC +1).


Message History

You barely miss the adder. The adder bites you.
* * * LOW HITPOINT WARNING * * *
You are poisoned.
The adder poisons you! The adder barely misses you. Grinder gestures at you.
You resist with almost no effort.
You feel sick. The adder bites you.
* * * LOW HITPOINT WARNING * * *
The adder closely misses you.
Your skin stops crawling.
You feel less resistant to hostile enchantments.
The adder barely misses you. The adder bites you but does no damage.
Drink which item? (? for menu, Esc to quit)
Okay, then.
The adder bites you.
* * * LOW HITPOINT WARNING * * *
You feel sick. The adder barely misses you. Grinder hits you.
* * * LOW HITPOINT WARNING * * *
You writhe in agony.
You die...

#.# #.# #.# #.# #.# #.# # ##.##
#####.### # ##<..###........ #
###########..#..........#. ###
#........#.....###........ ..#
#.######.<..#.#####....... #.#
#.# #.@.............#.# #.# #.#
##5S###[#####..#.#.# #.# #.#
##...# #............# #.######.#
#..#.###.###.#.##.###
)........####.)......# #.#.##.# #
#.########.........#####.#.##.###
#.# #................#.#.##.##.
#.# #.##.#)#.#######...........
..# ###.##...#.#########.........


You could see Grinder and an adder.

Vanquished Creatures
  An orc priest (D:3)
  3 orc wizards (D:3)
  Jessica (D:3)
  Terence (D:3)
  4 adders (D:3)
  2 giant geckos
  7 orcs (D:3)
  7 bats
  4 goblins
  8 hobgoblins
  4 jackals
  7 kobolds
  3 quokkas
  A ball python (D:1)
  2 giant cockroaches
  5 giant newts
  12 rats
72 creatures vanquished.

Notes
Turn   | Place    | Note
--------------------------------------------------------------
     0 | D:1      | Kloppie, the Ogre Berserker, began the quest for the Orb.
     0 | D:1      | Reached XP level 1. HP: 24/24 MP: 1/1
    84 | D:1      | Reached XP level 2. HP: 20/33 MP: 2/2
   705 | D:1      | Reached XP level 3. HP: 38/40 MP: 3/3
   823 | D:2      | Reached skill level 5 in Maces & Flails
   943 | D:2      | Acquired Trog's second power
  1382 | D:3      | Noticed Jessica
  1390 | D:3      | Killed Jessica
  1390 | D:3      | Reached skill level 5 in Fighting
  1390 | D:3      | Reached XP level 4. HP: 45/50 MP: 4/4
  1459 | D:3      | Reached skill level 6 in Maces & Flails
  1467 | D:3      | Reached XP level 5. HP: 33/59 MP: 5/5
  1924 | D:3      | Noticed Grinder
  2103 | D:3      | Noticed Terence
  2115 | D:3      | Killed Terence
  2273 | D:3      | Reached XP level 6. HP: 16/68 MP: 6/6
  2279 | D:3      | HP: 2/68 [Grinder (6)]
  2279 | D:3      | Slain by Grinder

Action                   |  1- 3 |  4- 6 || total
-------------------------+-------+-------++-------
Melee: Mace              |   120 |       ||   120
       Club              |       |    25 ||    25
       Morningstar       |       |    90 ||    90
Invok: Trog's Hand       |       |     4 ||     4
       Berserk           |       |     2 ||     2
  Eat: Chunk             |     2 |     4 ||     6
